 Seeded DCSS version 0.30.1-11-g7821555f0a (webtiles) character file.

Game seed: 6351066067085065685 (custom seed)

196238 Esekla the Sorcerer (level 17, -11/103 HPs)
             Began as a Deep Elf Wanderer on Nov 12, 2023.
             Was a High Priest of Vehumet.
             Mangled by a merfolk
             ... wielding a +0 trident
              (13 damage)
             ... on level 4 of the Shoals on Nov 13, 2023.
             The game lasted 04:10:07 (26423 turns).

Esekla the Sorcerer (Deep Elf Wanderer)            Turns: 26423, Time: 04:10:08

Health: -11/103    AC: 17    Str:  9    XL:     17   Next: 73%
Magic:  20/45      EV:  9    Int: 30    God:    Vehumet [*****.]
Gold:   3655       SH:  0    Dex: 14    Spells: 4/61 levels left

rFire   . . .        s - +5 rapier of the Hero {heavy, rN+ Dex+3}
rCold   . . .        d - +0 buckler
rNeg    + + .        J - +0 troll leather armour
rPois   +            l - +2 helmet {Int+3}
rElec   +            a - scarf {repulsion}
rCorr   .            j - +0 pair of gloves
SInv    .            U - +2 pair of boots {rampage}
Will    .....        P - amulet of reflection
Stlth   ++           T - ring of Greed {rElec rPois rN+ AC+4 Str-2}
HPRegen 1.17/turn    O - ring of the Mage {Wiz Archmagi}
MPRegen 0.29/turn

%: repel missiles, reflection, rampage, wizardry (x1), archmagi
@: weak-willed, afraid, marked, radiating poison, spiked, very slightly
contaminated, held, studying Fighting
A: no striking features
}: 1/15 runes: gossamer
a: Renounce Religion


You were on level 4 of the Shoals.
You worshipped Vehumet.
Vehumet was extremely pleased with you.
You visited 6 branches of the dungeon, and saw 28 of its levels.
You also visited: Trove and Bailey.

You collected 5907 gold pieces.
You spent 2252 gold pieces at shops.

Inventory:

Hand Weapons
 c - a +5 scimitar
 e - a +2 demon blade of electrocution
 f - a +4 scimitar of flaming
 r - a +4 trident of venom
 s - the +5 rapier of the Hero (weapon) {heavy, rN+ Dex+3}
   (You found it on level 3 of the Dungeon)

   Dex:       It affects your dexterity (+3).
   rN:        It protects you from negative energy.
Missiles
 B - 63 poisoned darts
 K - 7 curare-tipped darts
 L - 19 boomerangs (quivered)
 Y - a silver javelin
Armour
 a - a scarf of repulsion (worn)
 d - a +0 buckler (worn)
 j - a +0 pair of gloves (worn)
 l - a +2 helmet of intelligence (worn)
 x - a +2 cloak
 J - a +0 troll leather armour (worn)
 U - a +2 pair of boots of rampaging (worn)
 Z - the +1 animal skin "Kougi" {rPois rF++ MP+9}
   (You found it on level 2 of the Shoals)

   rF:        It greatly protects you from fire.
   rPois:     It protects you from poison.
   MP:        It affects your magic capacity (+9).
Jewellery
 g - a +6 ring of intelligence
 o - a ring of see invisible
 w - an amulet of magic regeneration
 D - a ring of ice
 F - the ring "Edamun" {rF+ Will+ Str+3 Dex+2 Slay+2}
   (You found it in a treasure trove)

   [ring of willpower]

   Str:       It affects your strength (+3).
   Dex:       It affects your dexterity (+2).
   Slay:      It affects your accuracy & damage with ranged weapons and melee
   (+2).
   rF:        It protects you from fire.
   Will:      It increases your willpower.
 O - the ring of the Mage (right hand) {Wiz Archmagi}
   (You bought it in a shop on level 2 of the Dungeon)

   [ring of wizardry]

   It improves your spell success rate.
   Archmagi:  It increases the power of your magical spells.
 P - an amulet of reflection (around neck)
 T - the ring of Greed (left hand) {rElec rPois rN+ AC+4 Str-2}
   (You bought it in a shop on level 2 of the Dungeon)

   [ring of protection]

   AC:        It affects your AC (+4).
   Str:       It affects your strength (-2).
   rElec:     It insulates you from electricity.
   rPois:     It protects you from poison.
   rN:        It protects you from negative energy.
Wands
 k - a wand of flame (19)
 p - a wand of roots (21)
 H - a wand of mindburst (7)
 S - a wand of digging (9)
 V - a wand of quicksilver (3)
Scrolls
 n - 3 scrolls of amnesia
 t - 5 scrolls of fog
 u - 2 scrolls of silence
 v - 2 scrolls of magic mapping
 y - 6 scrolls of fear
 z - 6 scrolls of blinking
 A - 5 scrolls of enchant weapon
 E - 7 scrolls of teleportation
 G - 3 scrolls of poison
 I - 3 scrolls of identify
Potions
 b - 6 potions of lignification
 h - 11 potions of heal wounds
 i - 2 potions of curing
 m - 3 potions of might
 q - 9 potions of haste
 C - 4 potions of brilliance
 M - 3 potions of cancellation
 N - 7 potions of attraction
 Q - 3 potions of magic
 R - 3 potions of flight
 W - 7 potions of ambrosia
 X - 2 potions of resistance


   Skills:
 * Level 10.6 Fighting
 + Level 5.0 Short Blades
 + Level 3.0 Throwing
 * Level 7.4 Armour
 * Level 12.7 Dodging
 + Level 4.2 Stealth
 * Level 3.9 Shields
 * Level 22.6 Spellcasting
 * Level 9.2 Conjurations
 + Level 13.4 Necromancy
 + Level 5.4 Translocations
 + Level 4.3 Transmutations
 + Level 6.9 Fire Magic
 * Level 7.4 Ice Magic
 + Level 6.9 Air Magic
 * Level 5.3 Earth Magic
 - Level 9.5 Poison Magic
 + Level 1.0 Invocations
 + Level 0.7 Evocations


You had 4 spell levels left.
You knew the following spells:

 Your Spells              Type           Power      Damage    Failure   Level
a - Magic Dart            Conj           100%       1d8       1%          1
b - Blink                 Tloc           100%       N/A       1%          2
c - Mephitic Cloud        Conj/Pois/Air  91%        N/A       1%          3
d - Vampiric Draining     Necr           100%       2d13      0%          3
f - Fireball              Conj/Fire      44%        3d18      1%          5
g - Ozocubu's Refrigerat  Ice            43%        4d17      9%          7
i - Irradiate             Conj/Tmut      42%        3d25      1%          5
n - Ignite Poison         Fire/Tmut/Pois 85%        N/A       1%          3
o - Orb of Destruction    Conj           46%        9d12      4%          7
p - Apportation           Tloc           100%       N/A       1%          1
r - Frozen Ramparts       Ice            100%       1d16      1%          3
v - Poisonous Vapours     Pois/Air       100%       N/A       1%          2
w - Wereblood             Tmut           74%        N/A       1%          2
x - Olgreb's Toxic Radia  Pois           95%        N/A       1%          4
y - Sticky Flame          Conj/Fire      89%        2d10      1%          4
z - Freezing Cloud        Conj/Ice/Air   44%        6-21      1%          5

Your spell library contained the following spells:

 Spells                   Type           Power      Damage    Failure   Level
 Spellforged Servitor     Conj/Summ      37%        N/A       24%         7
 Necrotise                Necr           100%       1d9       0%          1
 Sublimation of Blood     Necr           100%       N/A       0%          2
 Foxfire                  Conj/Fire      100%       2x1d9     1%          1
 Sandblast                Erth           100%       2d20      1%          1
 Lesser Beckoning         Tloc           100%       N/A       1%          2
 Passwall                 Tmut/Erth      63%        N/A       1%          2
 Dazzling Flash           Conj/Hex       100%       N/A       1%          3
 Gell's Gravitas          Tloc           79%        N/A       1%          3
 Hailstorm                Conj/Ice       90%        3d18      1%          3
 Portal Projectile        Hex/Tloc       100%       N/A       1%          3
 Spider Form              Tmut/Pois      85%        N/A       1%          3
 Stone Arrow              Conj/Erth      100%       3d13      1%          3
 Teleport Other           Tloc           79%        N/A       1%          3
 Vhi's Electric Charge    Tloc/Air       100%       N/A       1%          3
 Ice Form                 Ice/Tmut       81%        N/A       1%          4
 Manifold Assault         Tloc           79%        N/A       1%          4
 Passage of Golubria      Tloc           79%        N/A       1%          4
 Summon Ice Beast         Ice/Summ       71%        N/A       1%          4
 Cause Fear               Hex            25%        N/A       8%          4
 Agony                    Necr           100%       N/A       1%          5
 Arcjolt                  Conj/Air       44%        1d54      1%          5
 Plasma Beam              Fire/Air       42%        2x1d62    1%          6
 Simulacrum               Ice/Necr       49%        N/A       1%          6
 Starburst                Conj/Fire      44%        6d12      1%          6
 Silence                  Hex/Air        35%        N/A       4%          5
 Dispersal                Tloc           39%        N/A       12%         6
 Summon Mana Viper        Hex/Summ       50%        N/A       21%         5
 Lehudib's Crystal Spear  Conj/Erth      43%        10d10     47%         8
 Ignition                 Fire           42%        3d12      52%         8
 Maxwell's Capacitive Co  Air            42%        ∞         52%         8
 Summon Hydra             Summ           25%        N/A       99%         7
 Disjunction              Tloc           39%        N/A       99%         8
 Fire Storm               Conj/Fire      44%        8d11      99%         9
 Polar Vortex             Ice            43%        N/A       99%         9


Dungeon Overview and Level Annotations

Branches:
Dungeon (12/15)            Temple (0/1) D:6            Lair (5/5) D:11
 Shoals (4/4) Lair:2       Spider (4/4) Lair:3        Slime (0/5) Lair:5
    Orc (2/2) D:10            Elf (1/3) Orc:2        Bailey (visited)

Altars:
Dithmenos
Fedhas
Hepliaklqana
Nemelex Xobeh
Okawaru
Qazlal
Ru
Trog
Uskayaw
Vehumet
Zin
The Shining One
Jiyva

Shops:
D:2 =   D:4 (   D:11 *   Orc:2 **[:   Shoals:2 (   Shoals:3 !

Portals:
Pandemonium: Orc:2

Annotations:
D:2 gnoll


Message History

The sea snake is poisoned.
The manticore is poisoned.
The satyr is poisoned. x2
The snapping turtle is poisoned.
The merfolk is poisoned.
The sphinx looks even sicker.
The satyr looks even sicker.
The sea snake looks even sicker.
The satyr looks even sicker.
The snapping turtle looks even sicker.
The harpy claws you. The harpy claws you but does no damage.
The satyr plays a frightful melody on his pipes!
The satyr radiates an aura of fear!
You are terrified of the satyr!
The satyr is engulfed in freezing vapours.
The satyr plays a rousing melody on his pipes!
The merfolk hits you from afar with a +0 trident!
Casting: Olgreb's Toxic Radiance (safe; 1% risk of failure)
Confirm with . or Enter, or press ? or * to list all spells.
Aiming: Vampiric Draining (safe; 0% risk of failure)
Press: ? - help, Shift-Dir - straight line, f/p - harpy
Aim: a harpy (almost dead)
Okay, then.
Casting: Vampiric Draining (safe; 0% risk of failure)
Confirm with . or Enter, or press ? or * to list all spells.
Aiming: Vampiric Draining (safe; 0% risk of failure)
Press: ? - help, Shift-Dir - straight line, f/p - harpy
Aim: a harpy (almost dead)
You feel a surge of power!
You draw life force from the harpy!
You kill the harpy!
Vehumet accepts your kill.
You feel your power returning.
You feel life coursing into your body.
The sphinx looks even sicker.
The merfolk looks even sicker.
The sea snake looks even sicker.
The manticore looks even sicker.
The satyr looks even sicker.
The merfolk looks even sicker.
The sea snake closely misses you.
The satyr is engulfed in freezing vapours.
The satyr unwields a +0 spear.
The satyr wields a +0 longbow.
The satyr shoots an arrow.
The arrow hits you!!
* * * LOW HITPOINT WARNING * * *
The satyr unwields a +0 spear.
The satyr wields a +0 longbow.
The satyr shoots an arrow.
The arrow hits you!!
* * * LOW HITPOINT WARNING * * *
The merfolk hits you from afar with a +0 trident!
You die...

≈≈≈≈≈≈≈≈≈≈≈≈≈≈≈≈≈
≈≈≈≈≈≈≈≈≈≈≈≈≈≈≈≈≈≈
≈≈≈≈≈≈≈≈~~~~~~~~~~
≈≈≈≈≈≈≈~~~~~~†~~~.
≈≈≈≈≈≈~~~~~H†~~~.#
≈≈≈≈≈~~~~~m~)~~.#
≈≈≈≈≈~~†...~~~#
≈≈≈≈≈~).@S)..~#
≈≈≈≈≈~.<.†).c~#
≈≈≈≈≈~..##t.~~#
≈≈≈≈≈~..##.H.~))..
≈≈≈≈≈~.....§†~cc..
≈≈≈≈≈~...P.~§§§m..
≈≈≈≈≈~.....~#§##..
≈≈≈≈≈~....~##§§.##
≈≈≈≈≈~.....+ ....


You could see a sphinx (very poisoned), 3 satyrs, a sea snake (very poisoned), a
snapping turtle (very poisoned), 2 merfolk and a manticore (very poisoned).

Vanquished Creatures
  Mara (Spider:4)
  Rupert (Lair:4)
  A kraken (Shoals:3)
  Ilsuiw (Shoals:3)
  9 emperor scorpions
  A deep elf sorcerer (Elf:1)
  4 ghost moths
  2 orc warlords
  A broodmother (Spider:3)
  A deep elf demonologist (Elf:1)
  Azrael (Orc:2)
  2 deep elf annihilators (Elf:1)
  2 spark wasps
  5 entropy weavers
  A deep elf death mage (Elf:1)
  3 merfolk impalers
  4 fire dragons
  3 merfolk javelineers (Shoals:3)
  A deep elf high priest (Elf:1)
  Harold (D:9)
  A demonspawn (Orc:2)
  3 merfolk aquamancers
  3 hydras
  3 radroaches
  4 satyrs
  A catoblepas (Lair:5)
  3 jorogumos
  An alligator snapping turtle (Shoals:3)
  3 dancing weapons (Elf:1)
  3 merfolk avatars (Shoals:3)
  3 boulder beetles
  3 two-headed ogres
  3 orc high priests (Orc:2)
  2 pharaoh ants
  A sun moth (Spider:1)
  Lodul (D:11)
  11 sea snakes
  4 skysharks
  10 orb spiders
  A deep elf archer (Elf:1)
  Pikel (D:6)
  A swamp dragon (Lair:5)
  3 steelbarb worms
  2 lindwurms (Lair:5)
  26 harpies
  An oklob plant (Lair:5)
  7 deep elf zephyrmancers (Elf:1)
  7 deep elf pyromancers (Elf:1)
  8 wolf spiders
  8 orc knights
  7 cyclopes
  10 orc sorcerers
  9 elephants (Lair:5)
  3 moths of wrath
  Joseph (D:7)
  21 manticores
  19 fauns
  6 merfolk sirens
  2 black mambas
  6 water nymphs
  7 torpor snails
  A gargoyle (D:10)
  A smoke demon (Orc:2)
  3 demonic crawlers
  11 cane toads
  Psyche (D:11)
  3 rime drakes
  15 komodo dragons
  A kobold demonologist (D:9)
  24 merfolk
  A red devil (Orc:2)
  A polar bear (D:11)
  7 trolls
  2 wind drakes
  9 tarantellas
  3 tyrant leeches (Lair:5)
  5 blink frogs (Lair:1)
  12 hornets
  A slime creature (shapeshifter) (Elf:1)
  4 centaur simulacra (D:11)
  11 jumping spiders
  6 snapping turtles
  An air elemental (Elf:1)
  7 culicivoras
  5 water elementals
  A wraith (D:12)
  33 yaks
  12 spriggans (Lair:3)
  5 basilisks
  A chaos spawn (Orc:2)
  3 steam dragons
  5 wyverns
  3 fire elementals (Orc:2)
  29 redbacks
  Menkaure (D:7)
  3 wargs
  2 hell hounds (Orc:2)
  2 acid dragons (Lair:5)
  6 ice beasts
  14 water moccasins
  2 swamp drakes (Lair:5)
  A sky beast (D:6)
  43 orc warriors
  2 black bears
  17 ogres
  2 centaurs
  3 boggarts (Lair:3)
  12 wolves
  A phantom (D:7)
  Blork the orc (D:6)
  4 kobold brigands
  An earth elemental (Elf:1)
  4 gnoll sergeants
  10 bullfrogs
  3 scorpions
  10 wights
  21 killer bees
  2 howler monkeys (D:10)
  2 quasits
  3 gnoll boudas
  6 hounds
  A jelly (D:6)
  Crazy Yiuf (D:7)
  32 orc priests
  7 iguanas
  A sleepcap (D:5)
  14 orc wizards
  12 hell rats
  32 gnolls
  9 adders
  2 shadow imps (D:8)
  8 white imps
  4 ufetubi
  A worm (D:4)
  3 dart slugs
  95 orcs
  4 endoplasms
  9 goblins
  7 hobgoblins
  A quokka (D:1)
  3 training dummies (Shoals:2)
  6 ball pythons
  4 bats
  4 frilled lizards
  20 kobolds
  A rat (D:2)
950 creatures vanquished.

Vanquished Creatures (others)
  A shadow imp (D:8)
1 creature vanquished.

Grand Total: 951 creatures vanquished

Notes
Turn   | Place    | Note
-------+----------+-------------------------------------------
     0 | D:1      | Esekla the Deep Elf Wanderer began the quest for the Orb.
     0 | D:1      | Esekla set off with the following items: a +0 club, a
                  | potion of lignification, a +0 robe, a +0 buckler; and the
                  | following spells available to memorise: Apportation, Blink,
                  | Lesser Beckoning, Magic Dart, Ignite Poison, Vampiric
                  | Draining.
     0 | D:1      | Reached XP level 1. HP: 10/10 MP: 7/7
     2 | D:1      | Learned a level 1 spell: Magic Dart
     4 | D:1      | Learned a level 1 spell: Apportation
   255 | D:2      | Found Renulab's Jewellery Shop.
   403 | D:4      | Found a radiant altar of Vehumet.
   414 | D:4      | Found an iron altar of Okawaru.
   425 | D:4      | Found a glowing silver altar of Zin.
   508 | D:4      | Became a worshipper of Vehumet
   757 | D:3      | Reached skill level 5 in Spellcasting
   757 | D:3      | Reached XP level 2. HP: 15/15 MP: 6/10
  1004 | D:3      | Identified the +5 rapier of the Hero {heavy, rN+ Dex+3}
                  | (You found it on level 3 of the Dungeon)
  1190 | D:1      | Reached skill level 1 in Necromancy
  1197 | D:1      | Learned a level 2 spell: Blink
  1252 | D:1      | Reached * piety under Vehumet
  1252 | D:1      | Offered knowledge of Sandblast by Vehumet.
  1253 | D:1      | Reached XP level 3. HP: 16/19 MP: 4/11
  1275 | D:1      | Learned a level 3 spell: Ignite Poison
  1279 | D:1      | Learned a level 3 spell: Vampiric Draining
  1534 | D:1      | Reached skill level 1 in Dodging
  1801 | D:2      | Noticed a black bear
  1863 | D:3      | Found a stormy altar of Qazlal.
  1900 | D:3      | Found a hazy altar of Hepliaklqana.
  1902 | D:3      | Found a bloodstained altar of Trog.
  1912 | D:3      | Reached skill level 1 in Short Blades
  1912 | D:3      | Reached XP level 4. HP: 24/24 MP: 0/13
  2168 | D:5      | Entered Level 5 of the Dungeon
  2172 | D:5      | Got the Parchment of the Lumpy Olives
  2202 | D:5      | Found a shadowy altar of Dithmenos.
  2327 | D:5      | Reached XP level 5. HP: 28/28 MP: 15/15
  2398 | D:5      | Reached skill level 6 in Spellcasting
  2493 | D:4      | Found Ponaysk's Antique Weapon Boutique.
  2670 | D:2      | Found a faded altar of an unknown god.
  3005 | D:5      | Reached ** piety under Vehumet
  3039 | D:5      | Reached XP level 6. HP: 32/32 MP: 17/17
  3053 | D:5      | Offered knowledge of Foxfire by Vehumet.
  3302 | D:4      | Found a glowing golden altar of the Shining One.
  3373 | D:4      | Reached skill level 7 in Spellcasting
  3589 | D:5      | Reached XP level 7. HP: 31/36 MP: 19/19
  3593 | D:5      | Reached skill level 1 in Throwing
  3927 | D:6      | Noticed Blork the orc
  3946 | D:6      | Reached skill level 8 in Spellcasting
  4125 | D:6      | Killed Blork the orc
  4224 | D:6      | You fall into a shaft and drop 1 floor!
  4263 | D:6      | Noticed Pikel
  4312 | D:6      | Killed Pikel
  4313 | D:6      | Reached skill level 9 in Spellcasting
  4313 | D:6      | Reached skill level 5 in Necromancy
  4313 | D:6      | Reached XP level 8. HP: 6/41 MP: 15/23
  4317 | D:6      | Found a staircase to the Ecumenical Temple.
  4363 | D:7      | Found a runed translucent door.
  4364 | D:7      | Noticed Crazy Yiuf
  4381 | D:7      | Killed Crazy Yiuf
  4501 | D:7      | Noticed Menkaure
  4504 | D:7      | Killed Menkaure
  4504 | D:7      | Offered knowledge of Inner Flame by Vehumet.
  4505 | D:7      | Reached skill level 10 in Spellcasting
  4535 | D:7      | Reached skill level 1 in Conjurations
  4695 | D:7      | Reached XP level 9. HP: 34/45 MP: 20/25
  4943 | D:6      | Reached skill level 5 in Dodging
  5028 | D:6      | Reached *** piety under Vehumet
  5182 | D:6      | Found a blossoming altar of Fedhas.
  5426 | D:7      | Noticed Joseph
  5655 | D:7      | Killed Joseph
  5656 | D:7      | Reached skill level 11 in Spellcasting
  5673 | D:8      | Offered knowledge of Sticky Flame by Vehumet.
  5683 | D:7      | Learned a level 4 spell: Sticky Flame
  6017 | D:7      | Reached **** piety under Vehumet
  6057 | D:7      | Offered knowledge of Olgreb's Toxic Radiance by Vehumet.
  6067 | D:7      | Learned a level 4 spell: Olgreb's Toxic Radiance
  6105 | D:7      | Reached skill level 1 in Fire Magic
  6575 | D:8      | Noticed a two-headed ogre
  6582 | D:8      | Killed a two-headed ogre
  6583 | D:8      | Reached skill level 1 in Poison Magic
  6583 | D:8      | Reached XP level 10. HP: 50/50 MP: 20/27
  6602 | D:8      | Found a hide-covered altar of Uskayaw.
  6616 | D:8      | Found a transporter.
  6617 | D:8      | Found a transporter.
  6619 | D:8      | Found a transporter.
  6634 | D:8      | Found a transporter.
  7102 | D:9      | Found a flagged portal.
  7136 | Bailey   | Entered a bailey
  7194 | Bailey   | Reached skill level 12 in Spellcasting
  7269 | Bailey   | Noticed an orc knight
  7269 | Bailey   | Noticed an orc knight
  7308 | Bailey   | Killed an orc knight
  7315 | Bailey   | Killed an orc knight
  7359 | Bailey   | Identified the +2 bardiche of Puhoisos {heavy, rElec
                  | Stlth+}
  7412 | Bailey   | Reached skill level 1 in Fighting
  7534 | Bailey   | Reached ***** piety under Vehumet
  7534 | Bailey   | Offered knowledge of Fulminant Prism by Vehumet.
  7635 | D:9      | Noticed a two-headed ogre
  7755 | D:9      | Found a sparkling altar of Nemelex Xobeh.
  7807 | D:9      | Killed a two-headed ogre
  7808 | D:9      | Reached skill level 13 in Spellcasting
  8001 | D:9      | Noticed a cyclops
  8004 | D:9      | Killed a cyclops
  8035 | D:9      | Reached XP level 11. HP: 58/58 MP: 30/30
  8171 | D:10     | Entered Level 10 of the Dungeon
  8205 | D:10     | Found a staircase to the Orcish Mines.
  8221 | Orc:1    | Entered Level 1 of the Orcish Mines
  8265 | Orc:1    | Noticed an orc knight
  8273 | Orc:1    | Killed an orc knight
  8274 | Orc:1    | Reached skill level 14 in Spellcasting
  8274 | Orc:1    | Reached skill level 10 in Necromancy
  8578 | D:2      | Bought the ring of the Mage {Wiz Archmagi} for 714 gold
                  | pieces
  8578 | D:2      | Found the ring of the Mage {Wiz Archmagi}
  9010 | D:11     | Noticed Lodul
  9085 | D:10     | Found a sacrificial altar of Ru.
  9111 | D:10     | Reached skill level 5 in Poison Magic
  9286 | D:11     | Reached skill level 1 in Armour
  9565 | D:10     | Reached skill level 15 in Spellcasting
  9567 | D:10     | Reached skill level 1 in Transmutations
  9638 | D:11     | Found Fagafuf's Pet Rocks.
  9712 | D:11     | Offered knowledge of Flame Wave by Vehumet.
  9825 | D:12     | Learned a level 2 spell: Wereblood
  9915 | D:12     | Reached XP level 12. HP: 37/66 MP: 33/33
  9957 | D:12     | Learned a level 5 spell: Fireball
 10004 | D:12     | Found a portal to a secret trove of treasure.
 10035 | D:12     | Learned a level 3 spell: Mephitic Cloud
 10041 | D:12     | Learned a level 5 spell: Freezing Cloud
 10044 | D:12     | Learned a level 2 spell: Poisonous Vapours
 10263 | D:11     | Noticed Psyche
 10265 | D:11     | Noticed a two-headed ogre
 10272 | D:11     | Killed a two-headed ogre
 10308 | D:11     | Killed Psyche
 10444 | D:11     | Found a staircase to the Lair.
 10542 | D:12     | Reached skill level 1 in Air Magic
 10550 | Trove    | Entered a treasure trove
 10563 | Trove    | Identified the +0 cloak of Time Monsters {Stlth+}
 10576 | Trove    | Identified the ring "Edamun" {rF+ Will+ Str+3 Dex+2 Slay+2}
 10590 | Trove    | Identified the +1 flail "Jovap" {freeze, rElec Dex+5}
 10591 | Trove    | Identified the +3 ring mail "Poady" {+Inv rF+ Dex+2 Slay-4}
 10721 | D:11     | Got Simple Magic
 10776 | D:11     | Killed Lodul
 10865 | Orc:2    | Entered Level 2 of the Orcish Mines
 10987 | D:9      | Reached skill level 1 in Ice Magic
 11151 | D:2      | Bought the ring of Greed {rElec rPois rN+ AC+4 Str-2} for
                  | 758 gold pieces
 11510 | Orc:2    | Reached skill level 5 in Translocations
 11558 | Orc:2    | Reached skill level 5 in Fire Magic
 11562 | Orc:2    | Reached skill level 16 in Spellcasting
 11571 | Orc:2    | Found Roezostra's General Store.
 11572 | Orc:2    | Found Bamnuus's General Store.
 11657 | Orc:2    | Reached skill level 5 in Fighting
 11754 | Orc:1    | Noticed an orc warlord
 11759 | Orc:1    | Killed an orc warlord
 12123 | Orc:2    | Noticed Azrael
 12222 | Lair:1   | Entered Level 1 of the Lair of Beasts
 13077 | Lair:2   | Found a transporter.
 13077 | Lair:2   | Found a transporter.
 13078 | Lair:2   | Noticed a boulder beetle
 13078 | Lair:2   | Noticed a boulder beetle
 13088 | Lair:2   | Killed a boulder beetle
 13089 | Lair:2   | Reached XP level 13. HP: 74/74 MP: 26/35
 13429 | Lair:2   | Found a staircase to the Shoals.
 14103 | Lair:3   | Identified the +3 leather armour of Okawaru's Inspiration
                  | {Str+4}
 14126 | Lair:3   | Found a hole to the Spider Nest.
 14285 | Lair:3   | Reached skill level 17 in Spellcasting
 14681 | Lair:4   | Noticed Rupert
 14800 | Lair:4   | Reached skill level 5 in Conjurations
 15126 | Lair:4   | Killed Rupert
 15463 | Lair:5   | Entered Level 5 of the Lair of Beasts
 15517 | Lair:5   | Reached XP level 14. HP: 80/80 MP: 34/37
 15528 | Lair:5   | Reached skill level 10 in Dodging
 15533 | Lair:5   | Reached skill level 5 in Ice Magic
 15814 | Lair:5   | Found a viscous altar of Jiyva.
 15814 | Lair:5   | Found a staircase to the Slime Pits.
 15887 | Lair:5   | Found a runed translucent door.
 15948 | Lair:5   | Reached skill level 18 in Spellcasting
 16435 | Lair:5   | HP: 4/82 [cloud of freezing vapour (19)]
 16601 | Lair:5   | Got Utragud's Papyrus of the Inquisitive Olives
 16922 | Spider:1 | Entered Level 1 of the Spider Nest
 16985 | Spider:1 | Identified the +1 pair of boots of Piysunuo {Str+3}
 17044 | Spider:1 | Reached skill level 5 in Air Magic
 17803 | Spider:2 | Reached XP level 15. HP: 88/88 MP: 35/39
 17829 | Spider:2 | Offered knowledge of Irradiate by Vehumet.
 17843 | Spider:2 | Learned a level 5 spell: Irradiate
 18302 | Orc:2    | Reached skill level 5 in Armour
 18304 | Orc:2    | Reached skill level 19 in Spellcasting
 18362 | Orc:2    | Found a staircase to the Elven Halls.
 18838 | Orc:2    | Found Huzal's Antique Armour Boutique.
 18838 | Orc:2    | Found a one-way gate leading to the halls of Pandemonium.
 18838 | Orc:2    | Found Jyohez's Book Shop.
 18842 | Orc:2    | Bought a runed helmet for 270 gold pieces
 18900 | Elf:1    | Entered Level 1 of the Elven Halls
 19090 | Elf:1    | Noticed a deep elf sorcerer
 19093 | Elf:1    | Killed a deep elf sorcerer
 19357 | Elf:1    | Learned a level 3 spell: Frozen Ramparts
 19509 | Elf:1    | Reached skill level 20 in Spellcasting
 19522 | Elf:1    | Offered knowledge of Yara's Violent Unravelling by Vehumet.
 19924 | Orc:2    | Killed Azrael
 19925 | Orc:2    | Reached skill level 1 in Earth Magic
 19964 | Orc:2    | Acquired 648 gold pieces
 19965 | Orc:2    | Acquired Esekla's Handbook of the Coruscating Iceberg
 19975 | Orc:2    | Learned a level 7 spell: Orb of Destruction
 19977 | Orc:2    | Acquired 1197 gold pieces
 20199 | D:2      | Bought a ring of see invisible for 210 gold pieces
 20548 | D:9      | Noticed Harold
 20559 | D:9      | Killed Harold
 21009 | Spider:3 | Reached XP level 16. HP: 95/95 MP: 33/42
 21922 | Spider:4 | Entered Level 4 of the Spider Nest
 21922 | Spider:4 | Noticed Mara
 21927 | Spider:4 | Noticed Esekla's illusion
 21933 | Spider:4 | Killed Mara
 22978 | Spider:4 | Reached skill level 21 in Spellcasting
 23211 | Spider:4 | Got a gossamer rune of Zot
 23384 | Shoals:1 | Entered Level 1 of the Shoals
 23725 | Shoals:1 | Offered knowledge of Ozocubu's Refrigeration by Vehumet.
 23734 | Shoals:1 | Learned a level 7 spell: Ozocubu's Refrigeration
 23898 | Shoals:1 | Reached skill level 5 in Short Blades
 24154 | Shoals:1 | Reached skill level 10 in Fighting
 24388 | Shoals:2 | Reached XP level 17. HP: 86/102 MP: 29/44
 24467 | Shoals:2 | Found Biskeott's Firing Range.
 25095 | Shoals:3 | Noticed a kraken
 25107 | Shoals:3 | Killed a kraken
 25140 | Shoals:3 | Reached skill level 22 in Spellcasting
 25406 | Shoals:3 | Noticed Ilsuiw
 25412 | Shoals:3 | Killed Ilsuiw
 25629 | Shoals:3 | Found Zemonaik's Distillery.
 25647 | Shoals:3 | Bought a potion of heal wounds for 75 gold pieces
 25647 | Shoals:3 | Bought a potion of heal wounds for 75 gold pieces
 25647 | Shoals:3 | Bought 2 potions of heal wounds for 150 gold pieces
 25754 | Shoals:3 | Offered knowledge of Spellforged Servitor by Vehumet.
 26177 | Shoals:2 | Identified the +1 animal skin "Kougi" {rPois rF++ MP+9}
 26234 | Shoals:4 | Entered Level 4 of the Shoals
 26244 | Shoals:4 | Reached skill level 5 in Earth Magic
 26423 | Shoals:4 | HP: 2/103 [satyr/arrow (21)]
 26423 | Shoals:4 | Mangled by a merfolk

Illustrated notes

Levels and vault maps discovered:
D:1:      sevenhm_arrival_forest_fort_small_3, layout_rooms,
          chequers_serial_rivers_room_b, minmay_misc_feat_five
D:2:      layout_loops_ring, dreamdust_ecumenical_altar_angels_and_demons,
          serial_shops, shop
D:3:      layout_basic, grunt_temple_overflow_open, minmay_misc_feat_iff
D:4:      layout_basic, nicolae_overflow_quartered_altars, serial_shops,
          nicolae_diamond_shop
D:5:      layout_loops_ring, lemuel_doored_altar, minmay_misc_feat_rows,
          dreamdust_wishing_well
D:6:      layout_loops_cross, fedhas_altar_fruit_tree,
          minmay_temple_entry_glass, uniq_pikel, uniq_blork_the_orc
D:7:      layout_basic, uniq_menkaure, uniq_joseph, uniq_crazy_yiuf_cottage
D:8:      layout_basic, nicolae_uskayaw_dance_hall, serial_demonic,
          serial_demonic_d, serial_demonic_a, serial_demonic_c,
          serial_demonic_c, nicolae_diode_quadrants
D:9:      layout_irregular_city, kennysheep_little_box, enter_bailey_4,
          minmay_between, uniq_harold
D:10:     layout_basic, nicolae_ru_awakened_eye
D:11:     layout_rooms, hellmonk_lair_entry_icy, serial_ice, serial_ice_j,
          serial_ice_m, serial_ice_o, serial_ice_c, serial_ice_g, serial_ice_f,
          guppyfry_shop_earth, uniq_psyche, uniq_lodul
D:12:     layout_roguey, nicolae_trove_entry_crossroad
Lair:1:   layout_small_grid
Lair:2:   gammafunk_boulding_lane, layout_small_grid, elwin_shoals_entry_rooms
Lair:3:   kb_forest_paths, layout_chaotic_city, spider_nest_entry_rubble
Lair:4:   layout_hall_layers, grunt_megastairs_3, lemuel_fruit_fields,
          uniq_rupert
Lair:5:   guppyfry_lair_end_dragon, layout_misc_corridors, wormcave,
          dpeg_slime_entry_enclosed
Shoals:1: layout_shoals, nicolae_shoals_nautilus_by_nature
Shoals:2: argonaut_golden_fleece, layout_shoals, nicolae_shop_firing_range
Shoals:3: layout_shoals, serial_shops, shop, nicolae_shoals_lost_giant_hut,
          uniq_ilsuiw
Shoals:4: shoals_end_hellmonk_lost_city, serial_shops
Spider:1: layout_spider_delve, nicolae_spider_some_kinda_spiderbox
Spider:2: layout_spider_delve, nicolae_spider_twisty_arc_passages
Spider:3: layout_chambers, nicolae_orb_stairs
Spider:4: grunt_spider_rune_circles, guppyfry_hornet_nest, uniq_mara
Orc:1:    layout_caves
Orc:2:    pf_orc_diabolical, layout_diamond_mine, uniq_azrael
Elf:1:    minmay_elf_arrival_plus, layout_loops_cross,
          kennysheep_underground_church

Skill      XL: |  1  2  3  4  5  6  7  8  9 10 11 12 13 14 15 16 17 |
---------------+----------------------------------------------------+-----
Spellcasting   | 5 6 7 9 10 11 13 15 16 17 18 20 21 22 | 22.6
Necromancy     | 1 2 3 5 7 9 10 11 12 13 | 13.4
Dodging        | 1 2 3 4 6 7 8 9 10 11 12 | 12.7
Short Blades   | 1 2 3 4 5 |  5.0
Stealth        | 2 3 4 |  4.2
Translocations | 3 4 5 |  5.4
Throwing       | 1 2 3 |  3.0
Conjurations   | 1 2 4 5 6 7 8 9 |  9.2
Shields        | 2 3 |  3.9
Fire Magic     | 1 3 4 5 6 |  6.9
Poison Magic   | 1 4 5 6 7 8 9 |  9.5
Fighting       | 2 4 5 6 8 10 | 10.6
Armour         | 2 3 4 5 7 |  7.4
Transmutations | 1 2 3 4 |  4.3
Air Magic      | 2 4 5 6 |  6.9
Ice Magic      | 2 4 6 7 |  7.4
Earth Magic    | 1 4 5 |  5.3
Invocations    | |  1.0
Evocations     | |  0.7

Action                     |  1- 3 |  4- 6 |  7- 9 | 10-12 | 13-15 | 16-18 || total
---------------------------+-------+-------+-------+-------+-------+-------++-------
  Melee: Short sword       |    15 |       |       |       |       |       ||    15
         Rapier            |    51 |    54 |   129 |    98 |    77 |    70 ||   479
         Dagger            |       |       |    13 |       |       |       ||    13
  Throw: Dart              |       |    12 |    29 |    39 |       |       ||    80
         Boomerang         |       |       |       |     8 |    14 |     4 ||    26
   Cast: Magic Dart        |    52 |    38 |    45 |    34 |    27 |       ||   196
         Apportation       |    32 |    27 |    21 |    69 |    63 |    35 ||   247
         Vampiric Draining |     2 |    15 |    68 |    38 |    15 |    34 ||   172
         Blink             |       |     3 |     1 |    19 |    13 |     6 ||    42
         Ignite Poison     |       |       |     8 |    76 |   149 |   104 ||   337
         Sticky Flame      |       |       |     6 |    20 |    21 |    21 ||    68
         Olgreb's Toxic Ra |       |       |     4 |    82 |    52 |    29 ||   167
         Poisonous Vapours |       |       |       |    44 |   167 |   126 ||   337
         Mephitic Cloud    |       |       |       |     6 |    23 |     3 ||    32
         Wereblood         |       |       |       |     4 |    17 |    15 ||    36
         Fireball          |       |       |       |     4 |     5 |     5 ||    14
         Freezing Cloud    |       |       |       |     2 |    38 |    22 ||    62
         Irradiate         |       |       |       |       |     8 |    10 ||    18
         Orb of Destructio |       |       |       |       |     4 |     8 ||    12
         Frozen Ramparts   |       |       |       |       |       |    14 ||    14
         Ozocubu's Refrige |       |       |       |       |       |    17 ||    17
  Evoke: Wand              |       |       |    11 |    24 |     1 |       ||    36
    Use: Scroll            |     1 |       |       |    16 |    13 |     2 ||    32
         Potion            |       |       |     6 |     3 |       |     7 ||    16
   Stab: Sleeping          |     3 |     4 |     4 |     4 |     8 |     3 ||    26
         Distracted        |       |       |       |     1 |       |       ||     1
         Confused          |       |       |       |     1 |     1 |       ||     2
         Petrified         |       |       |       |       |     2 |       ||     2
 Armour: Robe              |    37 |     8 |    65 |    12 |       |       ||   122
         Steam dragon scal |       |       |       |    16 |       |       ||    16
         Troll leather arm |       |       |       |    28 |    45 |   171 ||   244
  Dodge: Dodged            |    64 |    45 |   189 |   145 |   103 |   235 ||   781
         Repelled          |       |       |       |       |       |     5 ||     5
  Block: Buckler           |    19 |    12 |    58 |    51 |    16 |   113 ||   269
         Reflection        |       |       |       |       |       |    14 ||    14
